 Dungeon Crawl Stone Soup version 0.29.1-15-g9cfb28693d (webtiles) character file.

Game seed: 7224576694520574798

125 FaviusArthum the Conjurer (level 5, -2/48 HPs)
             Began as an Ogre Conjurer on Dec 7, 2023.
             Slain by Ijyb
             ... wielding a +7 club
              (5 damage)
             ... on level 3 of the Dungeon.
             The game lasted 00:08:42 (3414 turns).

FaviusArthum the Conjurer (Ogre Conjurer)           Turns: 3414, Time: 00:08:42

Health: -2/48      AC:  3    Str: 11    XL:     5   Next: 9%
Magic:  1/9        EV: 10    Int: 21    God:
Gold:   61         SH:  0    Dex: 13    Spells: 3/10 levels left

rFire   . . .      SeeInvis .   e - +0 short sword
rCold   . . .      Faith    .   (no shield)
rNeg    . . .      Spirit   .   a - +0 robe
rPois   .          Reflect  .   (helmet restricted)
rElec   .          Harm     .   (no cloak)
rCorr   .          Rampage  .   (gloves unavailable)
Will    .....                   (boots unavailable)
Stlth   +.........              (no amulet)
HPRegen 0.16/turn               n - ring of wizardry
MPRegen 0.11/turn               d - +6 ring of dexterity

@: confused
A: large, unfitting armour, tough skin 1
a: no special abilities


You were on level 3 of the Dungeon.
You visited 1 branch of the dungeon, and saw 3 of its levels.

You collected 61 gold pieces.

Inventory:

Hand Weapons
 e - a +0 short sword (weapon)
Armour
 a - a +0 robe (worn)
 c - a +1 pair of boots
 j - a +0 leather armour
Jewellery
 d - a +6 ring of dexterity (right hand)
 n - a ring of wizardry (left hand)
Scrolls
 g - 2 scrolls of acquirement
 i - a scroll of teleportation
 k - a scroll of immolation
 m - a scroll of enchant weapon
 p - a scroll of noise
Potions
 f - 4 potions of curing
 h - a potion of lignification
 l - a potion of heal wounds {unknown}
 o - a potion of ambrosia {unknown}


   Skills:
 * Level 1.3 Fighting
 + Level 1.0 Short Blades
 + Level 0.3 Armour
 + Level 2.1 Dodging
 + Level 1.8 Stealth
 * Level 3.2 Spellcasting
 * Level 4.6 Conjurations


You had 3 spell levels left.
You knew the following spells:

 Your Spells              Type           Power      Damage    Failure   Level
a - Magic Dart            Conj           88%        1d7       1%          1
b - Searing Ray           Conj           44%        2d6       1%          2
c - Fulminant Prism       Conj/Hex       6%         3d7       21%         4

Your spell library contained the following spells:

 Spells                   Type           Power      Damage    Failure   Level
 Freeze                   Ice            12%        1d4       5%          1
 Dazzling Flash           Conj/Hex       26%        N/A       6%          3
 Frozen Ramparts          Ice            6%         1d1       16%         3
 Hailstorm                Conj/Ice       13%        3d5       21%         4
 Iskenderun's Mystic Bla  Conj/Tloc      13%        2d5       21%         4
 Airstrike                Air            1%         2d(1-17)  45%         4
 Summon Lightning Spire   Summ/Air       3%         N/A       45%         4
 Lightning Bolt           Conj/Air       6%         1d18      45%         5


Dungeon Overview and Level Annotations

Branches:
Dungeon (3/15)

Altars:

Annotations:
D:2 Sigmund
D:3 Ijyb


Innate Abilities, Weirdness & Mutations

You are too large for most types of armour.
You have tough skin. (AC +1)


Message History

Casting: Fulminant Prism (quite dangerous; 21% risk of failure)
Confirm with . or Enter, or press ? or * to list all spells.
You don't have enough magic to cast this spell.
Casting: Fulminant Prism (quite dangerous; 21% risk of failure)
Confirm with . or Enter, or press ? or * to list all spells.
Aiming: Magic Dart (safe; 1% risk of failure)
Press: ? - help, Shift-Dir - straight line, f - Ijyb
Aim: Ijyb, wielding a +7 club, wearing a +0 scale mail and carrying a wand of charming (13) (heavily wounded, 100% to hit)
The magic dart hits Ijyb but does no damage.
Ijyb is heavily wounded.
Casting: Magic Dart (safe; 1% risk of failure)
Confirm with . or Enter, or press ? or * to list all spells.
You don't have enough magic to cast this spell.
You barely miss Ijyb.
Ijyb is heavily wounded.
Ijyb hits you with a +7 club!
You closely miss Ijyb.
Ijyb is heavily wounded.
Ijyb zaps a wand.
You resist with some effort.
You hit Ijyb but do no damage.
Ijyb is heavily wounded.
Ijyb screams, "Get away!"
Ijyb hits you with a +7 club!
A rat comes into view.
You closely miss Ijyb.
Ijyb is heavily wounded.
Ijyb zaps a wand.
Your will is overpowered!
You are confused.
Ijyb hits you with a +7 club!
You bump into the rock wall.
Ijyb hits you with a +7 club!
* * * LOW HITPOINT WARNING * * *
You're too confused to cast spells.
Sorry, you're not good enough to have a special ability.
Unknown command.
You're too confused to cast spells.
Sorry, you're not good enough to have a special ability.
You're too confused to move!
Ijyb hits you with a +7 club!
* * * LOW HITPOINT WARNING * * *
You bump into the rock wall.
Ijyb hits you with a +7 club.
You die...

...# #.. ... ..# #.# ..#
... # #.# ..# #.#
#.##.##... #.# ........#
#.# ##...### ##.#
#.<..... #gr# #.#...##
#####@## #.#.#.##
##...#.# #...#...
##......#########.#####.
+...................#.[.
#.......#########...#...
#.......# ###...##
##.....## ###.# ##...##
#.# ##.## #.#


You could see Ijyb and a rat.

Vanquished Creatures
  A phantom (D:3)
  An adder (D:2)
  A worm (D:2)
  A dart slug (D:2)
  4 ball pythons
  2 bats
  4 endoplasms
  2 giant cockroaches
  3 goblins
  2 hobgoblins
  2 quokkas (D:2)
  3 frilled lizards
  8 kobolds
  3 rats
37 creatures vanquished.

Vanquished Creatures (others)
  2 fulminant prisms (D:3)
2 creatures vanquished.

Grand Total: 39 creatures vanquished

Notes
Turn   | Place    | Note
-------+----------+-------------------------------------------
     0 | D:1      | FaviusArthum the Ogre Conjurer began the quest for the Orb.
     0 | D:1      | Reached XP level 1. HP: 16/16 MP: 3/3
   224 | D:1      | Reached XP level 2. HP: 24/24 MP: 0/5
   227 | D:1      | Learned a level 2 spell: Searing Ray
   485 | D:1      | Reached skill level 4 in Conjurations
  1242 | D:2      | Reached XP level 3. HP: 18/32 MP: 0/6
  1969 | D:2      | Noticed Sigmund
  2201 | D:1      | d
  2415 | D:2      | Identified 2 scrolls of acquirement
  2426 | D:2      | Found a faded altar of an unknown god.
  3196 | D:3      | Noticed a phantom
  3216 | D:3      | Killed a phantom
  3217 | D:3      | Reached skill level 1 in Fighting
  3217 | D:3      | Reached skill level 1 in Short Blades
  3217 | D:3      | Reached XP level 4. HP: 17/41 MP: 3/8
  3217 | D:3      | Reached XP level 5. HP: 20/48 MP: 3/9
  3392 | D:3      | Learned a level 4 spell: Fulminant Prism
  3399 | D:3      | Noticed Ijyb
  3414 | D:3      | Slain by Ijyb

Illustrated notes

......# #........................
......# #.######....#(.....###...
#####.###......#.#...#####.# ##'#
..........####.#.#.#..## #.# #.#
[..............#.#.##..# #.# #.#
........##.#####.....#.###.# #.#
.................#.#.#..##.# #.#
........##.#########.##....## #.#
................@....####...###.#
.........#...................##.#
.).......####................##.#
.........# #..##♣♣♣.♣♣♣##......#
..######.# #..# ♣⌠♣ #...#..# ..#
#.# #..♣♣♣♣♣.♣♣♣♣♣..##... ..# #.#
#.....⌠.<.⌠.....##..# ..# #.#
#..♣♣♣♣♣.♣♣♣♣♣..##..# ### #.#
#..# ♣⌠♣ #..##..#


Turn 2201 on D:1: d

Levels and vault maps discovered:
D:1:      scummos_arrival_forest, layout_basic
D:2:      layout_loops_corners, hellmonk_ecumenical_altar_zigzags, uniq_sigmund
D:3:      layout_loops_corners, uniq_robin, uniq_crazy_yiuf_cottage, uniq_ijyb

Skill      XL: |  1  2  3 |
---------------+----------+-----
Conjurations   | 4 |  4.6
Dodging        | 2 |  2.1
Fighting       | 1 |  1.3
Short Blades   | 1 |  1.0
Spellcasting   | 3 |  3.2
Armour         | |  0.3
Stealth        | |  1.8

Action                   |  1- 3 |  4- 6 || total
-------------------------+-------+-------++-------
Melee: Short sword       |    37 |     4 ||    41
 Cast: Magic Dart        |    57 |     1 ||    58
       Searing Ray       |    12 |       ||    12
       Fulminant Prism   |       |     2 ||     2
  Use: Scroll            |     7 |       ||     7
       Potion            |     2 |       ||     2
Armor: Robe              |    10 |       ||    10
Dodge: Dodged            |    30 |       ||    30
